 Dungeon Crawl Stone Soup version 0.25-a0-734-g73332aeda9 (webtiles) character file.

Game seed: 5714596585734393949, levelgen mode: deterministic

355 Maedhros the Sneak (level 6, 0/57 HPs)
             Began as an Octopode Artificer on Apr 11, 2020.
             Slain by a worker ant (7 damage)
             ... on level 3 of the Dungeon.
             The game lasted 00:08:23 (1339 turns).

Maedhros the Sneak (Octopode Artificer)             Turns: 1339, Time: 00:08:24

Health: 0/57       AC:  1    Str: 11    XL:     6   Next: 63%
Magic:  8/8        EV: 10    Int: 14    God:
Gold:   152        SH:  9    Dex: 14    Spells: 5/5 levels left

rFire    . . .     SeeInvis .   a - +0 short sword
rCold    . . .     Gourm    .   t - +2 kite shield
rNeg     . . .     Faith    .   (helmet restricted)
rPois    .         Spirit   .   (no amulet)
rElec    .         Reflect  .   i - ring of flight
rCorr    .         Harm     .   (no ring)
MR       .....                  (no ring)
Stlth    ..........             (no ring)
HPRegen  0.19/turn              (no ring)
MPRegen  0.11/turn              (no ring)
                                (no ring)
                                (no ring)

@: berserking, lethally poisoned (0 -> -4), very quick
A: almost no armour, stealthy swim, amphibious, 8 rings, constrict 8, camouflage
1, gelatinous body 1
a: Evoke Flight


You were on level 3 of the Dungeon.
You were hungry.

You visited 1 branch of the dungeon, and saw 4 of its levels.
You also visited: Sewer.

You collected 152 gold pieces.

Inventory:

Hand Weapons
 a - a +0 short sword (weapon)
 q - a +0 hunting sling
Missiles
 h - 108 stones (quivered)
 j - 28 poisoned darts
 n - 3 silver javelins
Armour
 t - a +2 kite shield (worn)
Jewellery
 i - a ring of flight (left tentacle)
Wands
 b - a wand of flame (8)
 c - a wand of enslavement (14)
 d - a wand of random effects (11)
Scrolls
 e - a scroll of fog {unknown}
 g - 3 scrolls of teleportation
 k - a scroll of amnesia
 m - 3 scrolls of remove curse
 o - a scroll of blinking {unknown}
 p - a scroll of enchant weapon {unknown}
Potions
 l - 2 potions of might
Comestibles
 f - 4 rations


   Skills:
 - Level 1.0 Fighting
 - Level 1.0 Short Blades
 - Level 2.0 Dodging
 + Level 7.3 Stealth
 + Level 0.4 Shields
 * Level 3.7 Unarmed Combat
 - Level 3.2 Evocations


You had 5 spell levels left.
You didn't know any spells.
Your spell library was empty.

Dungeon Overview and Level Annotations

Branches:
Dungeon (4/15)              Sewer (visited)
 Temple: D:4-7

Altars:
Dithmenos
Fedhas
Hepliaklqana
Xom


Innate Abilities, Weirdness & Mutations

You cannot wear most types of armour.
You are very stealthy in the water. (Stealth+)
You are amphibious.
You can wear up to eight rings at the same time.
You can use your tentacles to constrict eight enemies at once.
Your skin changes colour to match your surroundings (Stealth+).
Your rubbery body absorbs attacks. (AC +1, EV +1)


Message History

Aiming: Enslavement
Press: ? - help, Shift-Dir - straight line, f - orc
Aim: an orc, wielding a +0 dagger (chance to defeat MR: 72%)
The orc is charmed.
You constrict the worker ant.
You feel sick. The worker ant bites you.
* * * LOW HITPOINT WARNING * * *
You swap places.
You release your grip on the worker ant.
* * * LOW HITPOINT WARNING * * *
You feel sick. The worker ant bites your orc!
Your orc dies!
Items here: ) [ †† a +0 leather armour; a +0 short sword; an orc corpse; a hound corpse It was a potion of berserk rage.
A red film seems to cover your vision as you go berserk!
You feel yourself moving faster!
You feel mighty!
You barely miss the worker ant. Your grab misses the worker ant.
The worker ant is heavily wounded.
The worker ant bites you!
You die...

### ##### ...
#...###########.#
#...............#
#...###@#####.###
##)## #a# #.# #.
#)# #.# #. #÷#
#.# #. #.#
#.###### #. #.#
#......# #. #.#
######.# #####.
#.# #.# ... #.#
#≈#####


You could see a worker ant.

Vanquished Creatures
  A crocodile (Sewer)
  A scorpion (D:2)
  A howler monkey (D:4)
  A hound (D:3)
  Jessica (D:2)
  A gnoll (D:1)
  6 adders
  2 dart slugs (D:1)
  A leopard gecko (D:3)
  4 orcs (D:3)
  8 bats
  5 giant cockroaches (D:3)
  4 goblins (D:3)
  7 hobgoblins
  9 jackals
  4 frilled lizards
  6 kobolds
  6 rats
68 creatures vanquished.

Vanquished Creatures (others)
  An orc (D:3)
1 creature vanquished.

Grand Total: 69 creatures vanquished

Notes
Turn   | Place    | Note
-------+----------+-------------------------------------------
     0 | D:1      | Maedhros the Octopode Artificer began the quest for the
                  | Orb.
     0 | D:1      | Reached XP level 1. HP: 13/13 MP: 3/3
    42 | D:1      | Reached skill level 2 in Stealth
    50 | D:1      | Reached XP level 2. HP: 15/18 MP: 4/4
    54 | D:1      | Reached skill level 3 in Stealth
   219 | D:1      | Reached skill level 4 in Stealth
   231 | D:1      | Reached XP level 3. HP: 18/23 MP: 5/5
   327 | D:2      | Found a shimmering altar of Xom.
   343 | D:2      | Noticed a scorpion
   350 | D:2      | Killed a scorpion
   350 | D:2      | Reached skill level 6 in Stealth
   350 | D:2      | Reached XP level 4. HP: 14/28 MP: 6/6
   402 | D:2      | Found a hazy altar of Hepliaklqana.
   461 | D:2      | Noticed Jessica
   473 | D:2      | Killed Jessica
   473 | D:2      | Reached skill level 1 in Unarmed Combat
   473 | D:2      | Reached XP level 5. HP: 29/33 MP: 7/7
   662 | D:3      | Found a blossoming altar of Fedhas.
  1081 | D:3      | Found a glowing drain.
  1086 | D:3      | Reached XP level 6. HP: 38/38 MP: 8/8
  1091 | Sewer    | Entered a sewer
  1126 | Sewer    | Reached skill level 7 in Stealth
  1230 | D:4      | Found a shadowy altar of Dithmenos.
  1339 | D:3      | Slain by a worker ant

Levels and vault maps discovered:
D:1:      dpeg_arrival_triangle_fractal, layout_rooms
D:2:      layout_loops_ring, gammafunk_temple_overflow_arena,
          lemuel_doored_altar, lemuel_crystal_altar, first_ration, uniq_jessica
D:3:      layout_loops_ring, nicolae_overflow_hidden_temple,
          portal_sewer_entry_d
D:4:      layout_cave_pools, grunt_dithmenos_smoke_and_mirrors, serial_shops,
          shop

Skill      XL: |  1  2  3  4  5  6 |
---------------+-------------------+-----
Stealth        | 2 4 6 7 |  7.3
Unarmed Combat | 1 2 3 |  3.7
Fighting       | |  1.0
Short Blades   | |  1.0
Dodging        | |  2.0
Shields        | |  0.4
Evocations     | |  3.2

Action                   |  1- 3 |  4- 6 || total
-------------------------+-------+-------++-------
Melee: Short sword       |    46 |    79 ||   125
       Constrict         |    14 |    18 ||    32
       Tentacles         |    11 |    17 ||    28
Evoke: Wand              |     6 |     6 ||    12
  Use: Scroll            |       |     4 ||     4
       Potion            |       |     1 ||     1
 Stab: Sleeping          |       |    14 ||    14
  Eat: Chunk             |       |     1 ||     1
Armor: Skin              |     5 |     8 ||    13
Dodge: Dodged            |    24 |    44 ||    68
Block: Kite shield       |       |    14 ||    14

Table legend:
 A = Non-vault XP
 B = Vault XP
 C = Vault XP percentage of total XP
 D = Non-vault monster count
 E = Vault monster count
 F = Vault count percentage of total count
                 A         B        C        D         E       F
            +---------+---------+-------+---------+---------+-------
      Total |     340 |     168 |  33.1 |      60 |       8 |  11.8
            +---------+---------+-------+---------+---------+-------
        D:1 |      54 |       0 |   0.0 |      21 |       0 |   0.0
        D:2 |      81 |      37 |  31.4 |       4 |       1 |  20.0
        D:3 |     148 |      13 |   8.1 |      34 |       1 |   2.9
        D:4 |      57 |       0 |   0.0 |       1 |       0 |   0.0
      Sewer |       0 |     118 | 100.0 |       0 |       6 | 100.0
            +---------+---------+-------+---------+---------+-------
